 Dungeon Crawl Stone Soup version 0.29-a0-416-g83a48905f1 (webtiles) character file.

Game seed: 10187960434286188901

201 xian the Bolt Thrower (level 5, -22/67 HPs)
             Began as a Minotaur Hunter on May 16, 2022.
             Killed by an exploding worm (34 damage)
             ... ignited by their inner flame
             ... on level 3 of the Dungeon.
             The game lasted 00:07:58 (2346 turns).

xian the Bolt Thrower (Minotaur Hunter)             Turns: 2346, Time: 00:07:58

Health: -22/67     AC:  4    Str: 17    XL:     5   Next: 50%
Magic:  4/4        EV: 12    Int:  6    God:
Gold:   123        SH:  5    Dex: 14    Spells: 4/4 levels left

rFire   . . .      SeeInvis .   a - +1 hand crossbow
rCold   . . .      Faith    .   (no shield)
rNeg    . . .      Spirit   .   b - +1 leather armour
rPois   .          Reflect  +   (helmet restricted)
rElec   .          Harm     .   m - scarf {+Inv}
rCorr   .          Rampage  .   (no gloves)
Will    .....                   (no boots)
Stlth   ..........              k - amulet of reflection
HPRegen 0.21/turn               l - +4 ring of slaying
MPRegen 0.09/turn               (no ring)

@: berserking, very quick
A: horns 2, retaliatory headbutt
a: Evoke Invisibility


You were on level 3 of the Dungeon.
You visited 1 branch of the dungeon, and saw 3 of its levels.

You collected 123 gold pieces.

Inventory:

Hand Weapons
 a - a +1 hand crossbow (weapon)
Armour
 b - a +1 leather armour (worn)
 m - a scarf of invisibility (worn)
Jewellery
 f - an amulet of magic regeneration
 k - an amulet of reflection (around neck)
 l - a +4 ring of slaying (left hand)
 n - an amulet of guardian spirit
Wands
 h - a wand of acid (9)
Scrolls
 c - a scroll of immolation
 g - 2 scrolls of enchant armour
 j - a scroll of identify {unknown}
Potions
 e - a potion of cancellation {unknown}


   Skills:
 + Level 3.3 Fighting
 + Level 6.9 Crossbows
 + Level 0.6 Armour
 + Level 2.4 Dodging
 + Level 0.8 Stealth
 + Level 0.5 Unarmed Combat


You had 4 spell levels left.
You didn't know any spells.
Your spell library was empty.

Dungeon Overview and Level Annotations

Branches:
Dungeon (3/15)

Altars:

Annotations:
D:3 Robin


Innate Abilities, Weirdness & Mutations

You have a pair of horns on your head.
You reflexively headbutt those who attack you in melee.


Message History

[Y]es or [N]o only, please.
Really attack while wielding your +1 hand crossbow? [Y]es or [N]o only, please.
Really attack while wielding your +1 hand crossbow?
Okay, then.
You are too berserk!
You are too berserk!
You are too berserk!
You are too berserk!
You are too berserk!
You are too berserk!
You are too berserk!
You are too berserk!
You are too berserk!
You are too berserk!
You are too berserk!
You are too berserk!
You are too berserk!
You are too berserk!
You are too berserk!
Unknown command.
You are too berserk!
You don't know any spells.
You are too berserk!
Really attack while wielding your +1 hand crossbow?
You barely miss the worm.
The worm is heavily wounded.
The worm bites you!
The orc priest invokes the aid of Beogh against you.
Beogh smites you!
* * * LOW HITPOINT WARNING * * *
The goblin misses you. You furiously retaliate!
You headbutt the goblin!
You kill the goblin!
You clumsily bash the worm.
Flame seeps out of the worm.
The worm is severely wounded.
You hit the worm!
The worm explodes!
The fiery explosion engulfs you!!
Ouch! That really hurt!
You die...

#.......(.
#........#####. #
#.............. #
###...........#######.
.# ##...##........
.######..#...## ..#
.##.....####..###.#
.##.##### #...)..#
.##.#### #.##§@##
.......# #.###○# .# #
.#####.......# §og.
.(. .## .....
##........r..
..##<.### ......
.####........
......... ...... ##
#......g###........
......
#.......##.........
......
#..................
...... #.<)....!..


You could see Robin (inner flame), an orc priest (inner flame), a hobgoblin
(inner flame) and a rat.

Vanquished Creatures
  A hound (D:3)
  Ijyb (D:3)
  Terence (D:3)
  4 gnolls (D:2)
  2 adders (D:2)
  4 worms
  2 dart slugs (D:3)
  5 bats
  5 endoplasms
  A giant cockroach (D:3)
  4 goblins
  2 hobgoblins (D:1)
  5 jackals
  4 quokkas
  5 ball pythons
  6 frilled lizards
  3 kobolds
  5 rats
60 creatures vanquished.

Notes
Turn   | Place    | Note
-------+----------+-------------------------------------------
     0 | D:1      | xian the Minotaur Hunter began the quest for the Orb.
     0 | D:1      | Reached XP level 1. HP: 18/18 MP: 0/0
    79 | D:1      | Reached XP level 2. HP: 24/25 MP: 1/1
   228 | D:1      | Reached skill level 5 in Crossbows
   833 | D:2      | Reached XP level 3. HP: 30/30 MP: 2/2
  1654 | D:2      | Reached XP level 4. HP: 19/38 MP: 3/3
  1825 | D:2      | Reached skill level 6 in Crossbows
  2245 | D:3      | Noticed Terence
  2251 | D:3      | Killed Terence
  2252 | D:3      | Noticed Ijyb
  2256 | D:3      | Reached XP level 5. HP: 41/45 MP: 4/4
  2263 | D:3      | Killed Ijyb
  2341 | D:3      | Noticed Robin
  2346 | D:3      | Killed by an exploding worm... ignited by their inner flame

Illustrated notes

Levels and vault maps discovered:
D:1:      eino_arrival_tree_alley, layout_loops_ring
D:2:      layout_basic, serial_corexii_hall, chequers_hall_statues_corner_a,
          chequers_hall_statues_y, roderic_lattice_a
D:3:      layout_rooms, uniq_sigmund, uniq_terence, uniq_crazy_yiuf_cottage,
          uniq_robin, uniq_ijyb

Skill      XL: |  1  2  3  4 |
---------------+-------------+-----
Crossbows      | 5 6 |  6.9
Fighting       | 3 |  3.3
Armour         | |  0.6
Dodging        | |  2.4
Stealth        | |  0.8
Unarmed Combat | |  0.5

Action                   |  1- 3 |  4- 6 || total
-------------------------+-------+-------++-------
Melee: Unarmed           |       |    18 ||    18
       Hand crossbow     |       |     3 ||     3
 Fire: Hand crossbow     |    90 |    34 ||   124
  Use: Scroll            |     3 |     3 ||     6
       Potion            |     1 |     1 ||     2
 Stab: Confused          |       |     2 ||     2
Armor: Leather armour    |     3 |     2 ||     5
       Skin              |       |     8 ||     8
Dodge: Dodged            |    14 |    37 ||    51
Block: Other             |     2 |     7 ||     9
       Reflection        |       |     2 ||     2

Table legend: (Time is in decaauts)
 A = Elapsed time spent in this place.
 B = Non-inter-level travel time spent in this place.
 C = Inter-level travel time spent in this place.
 D = Time resting spent in this place.
 E = Time spent auto-exploring this place.
 F = Levels seen in this place.
 G = Mean time per level.
                   A        B        C        D        E       F      G
               +--------+--------+--------+--------+--------+-----+--------+
         Total |   2375 |   2255 |    120 |    406 |   1486 |   3 |  791.7 |
       Dungeon |   2375 |   2255 |    120 |    406 |   1486 |   3 |  791.7 |
               +--------+--------+--------+--------+--------+-----+--------+

Top non-repeatable levels by time:
     D:2: 1499 daAuts
     D:1: 772 daAuts
     D:3: 104 daAuts
